 Dungeon Crawl Stone Soup version 0.31-a0-360-gb3e1d13bf4 (webtiles) character file.

Game seed: 5725999228622315777

970 randomguy2701 the Chopper (level 7, -7/61 HPs)
             Began as a Minotaur Fighter on July 27, 2023.
             Was a Follower of Okawaru.
             Mangled by Sigmund
             ... wielding a +2 scythe of venom
              (11 damage)
             ... on level 5 of the Dungeon.
             The game lasted 00:04:50 (4684 turns).

randomguy2701 the Chopper (Minotaur Fighter)        Turns: 4684, Time: 00:04:50

Health: -7/61      AC:  7    Str: 21    XL:     7   Next: 94%
Magic:  6/6        EV: 10    Int:  5    God:    Okawaru [*.....]
Gold:   267        SH:  5    Dex: 11    Spells: 6/6 levels left

rFire   . . .        a - +0 war axe
rCold   . . .        c - +0 buckler
rNeg    . . .        b - +0 scale mail
rPois   .            (helmet restricted)
rElec   .            (no cloak)
rCorr   .            (no gloves)
SInv    .            (no boots)
Will    .....        (no amulet) Stlth
                     (no ring)
HPRegen 0.30/turn    (no ring)
MPRegen 0.10/turn

%: no passive effects
@: lethally poisoned (-7 -> -13)
A: horns 2, retaliatory headbutt
a: Renounce Religion, Heroism


You were on level 5 of the Dungeon.
You worshipped Okawaru.
Okawaru was aware of your devotion.
You visited 2 branches of the dungeon, and saw 6 of its levels.

You collected 267 gold pieces.

Inventory:

Hand Weapons
 a - a +0 war axe (weapon)
Armour
 b - a +0 scale mail (worn)
 c - a +0 buckler (worn)
Jewellery
 s - a ring of protection from cold
 u - a ring of protection from cold
Wands
 v - a wand of roots (20)
 y - a wand of light (12)
Scrolls
 e - 4 scrolls of fog {unknown}
 h - 3 scrolls of identify {unknown}
 l - a scroll of fear {unknown}
 n - 2 scrolls of enchant weapon {unknown}
 p - 2 scrolls of teleportation {unknown}
 q - a scroll of summoning {unknown}
 r - a scroll of silence {unknown}
 t - a scroll of noise {unknown}
 x - a scroll of poison {unknown}
Potions
 d - 3 potions of might
 f - a potion of brilliance {unknown}
 g - a potion of attraction {unknown}
 i - a potion of resistance {unknown}
 j - a potion of degeneration {unknown}
 k - 2 potions of invisibility {unknown}
 m - a potion of lignification {unknown}
 o - a potion of enlightenment {unknown}
 w - a potion of curing {unknown}


   Skills:
 + Level 5.5 Fighting
 + Level 7.2 Axes
 + Level 6.8 Armour
 + Level 1.8 Dodging
 + Level 0.2 Stealth
 + Level 5.3 Shields


You had 6 spell levels left.
You didn't know any spells.
Your spell library contained the following spells:

 Spells                   Type           Power      Damage    Failure   Level
 Ensorcelled Hibernation  Hex/Ice        0%         N/A       94%         2
 Passwall                 Tmut/Erth      0%         N/A       94%         2
 Gell's Gravitas          Tloc           0%         N/A       99%         3
 Swiftness                Air            0%         N/A       99%         3
 Teleport Other           Tloc           0%         N/A       99%         3
 Dispersal                Tloc           0%         N/A       100%        6


Dungeon Overview and Level Annotations

Branches:
Dungeon (5/15)             Temple (1/1) D:4

Altars:
Ashenzari
Cheibriados
Dithmenos
Elyvilon
Fedhas
Gozag
Kikubaaqudgha
Makhleb
Nemelex Xobeh
Okawaru
Ru
Sif Muna
Vehumet
Wu Jian
Xom
Yredelemnul
Zin

Shops:
D:5 (

Annotations:
D:5 Sigmund


Innate Abilities, Weirdness & Mutations

You have a pair of horns on your head.
You reflexively headbutt those who attack you in melee.


Message History

You feel very sick.
Sigmund hits you with a +2 scythe of venom.
You hit Sigmund. Your headbutt misses Sigmund.
Sigmund is heavily wounded.
You feel sick.
Sigmund hits you with a +2 scythe of venom!
You are more poisoned.
You barely miss Sigmund. Your headbutt misses Sigmund.
Sigmund is heavily wounded.
You feel very sick.
You barely miss Sigmund.
Sigmund is heavily wounded.
You feel very sick.
Sigmund points at you and mumbles some strange words.
You resist with some effort.
You slash Sigmund!
Sigmund is almost dead.
You feel very sick.
Sigmund mumbles some strange words.
Sigmund flickers and vanishes!
Deactivating autopickup; reactivate with Ctrl-A.
Something hits you!
You are more poisoned.
You closely miss something. Your headbutt misses something.
You feel very sick.
You hit something. Your headbutt misses something.
You feel very sick.
You hear some strange, mumbled words.
A puff of flame appears from out of thin air!
The puff of flame hits you!
* * * LOW HITPOINT WARNING * * *
Something hits you but does no damage.
You miss something.
* * * LOW HITPOINT WARNING * * *
You feel very sick.
Unknown command.
You miss something.
* * * LOW HITPOINT WARNING * * *
You feel sick. Something hits you!
You die...

......###..# #.#........#.#.#.#
##.##.# #..# #.##.#.....#.#.#.#
#.##.###..# #.##.......#.#<#.#
#.##......# #.#........#.###.#
#.######.####.#.###..........#
##.............#.###.....######
..........######....<....#
######################'###
................@{...#.#
####################.#.# #.#
#.# #.# ..# ###


There were no monsters in sight!

Vanquished Creatures
  Menkaure (D:5)
  An ogre (D:4)
  Blork the orc (D:5)
  2 scorpions
  2 jellies
  A hound (D:5)
  2 gnoll boudas (D:5)
  3 iguanas
  Ijyb (D:4)
  An orc wizard (D:4)
  Robin (D:4)
  18 gnolls
  5 adders
  A shadow imp (D:5)
  A worm (D:3)
  A dart slug (D:1)
  9 orcs
  5 endoplasms
  2 giant cockroaches (D:1)
  9 goblins
  3 hobgoblins
  8 jackals
  3 kobolds
  4 quokkas (D:1)
  5 ball pythons
  3 bats
  4 frilled lizards (D:1)
  5 rats
102 creatures vanquished.

Notes
Turn   | Place    | Note
-------+----------+-------------------------------------------
     0 | D:1      | randomguy2701 the Minotaur Fighter began the quest for the
                  | Orb.
     0 | D:1      | Reached XP level 1. HP: 19/19 MP: 0/0
   128 | D:1      | Reached XP level 2. HP: 26/27 MP: 1/1
   645 | D:1      | Reached skill level 3 in Axes
   726 | D:1      | Reached XP level 3. HP: 33/33 MP: 2/2
  1382 | D:2      | You fall into a shaft and drop 1 floor!
  1513 | D:3      | Found a glowing drain.
  1556 | D:3      | Reached skill level 4 in Axes
  1556 | D:3      | Reached XP level 4. HP: 28/40 MP: 3/3
  2420 | D:4      | Reached XP level 5. HP: 16/47 MP: 4/4
  2650 | D:4      | Reached skill level 5 in Axes
  2662 | D:4      | Reached skill level 5 in Armour
  2663 | D:4      | Reached skill level 1 in Dodging
  2807 | D:4      | Reached XP level 6. HP: 40/53 MP: 5/5
  3021 | D:4      | Found a shimmering altar of Xom.
  3113 | D:4      | Noticed Ijyb
  3125 | D:4      | Killed Ijyb
  3129 | D:4      | Identified the +0 helmet of Mezcal {-Cast rElec rC+ SInv}
  3129 | D:4      | Noticed Robin
  3148 | D:4      | Killed Robin
  3234 | D:4      | Found a staircase to the Ecumenical Temple.
  3502 | D:4      | Reached skill level 5 in Fighting
  3502 | D:4      | Reached XP level 7. HP: 51/61 MP: 6/6
  3687 | Temple   | Entered the Ecumenical Temple
  3746 | Temple   | Became a worshipper of Warmaster Okawaru
  3790 | D:5      | Entered Level 5 of the Dungeon
  3859 | D:5      | Reached skill level 5 in Shields
  3869 | D:5      | HP: 3/61 [acid (4)]
  4086 | D:5      | Found Paev's Antique Weapon Shop.
  4140 | D:5      | Reached skill level 6 in Axes
  4508 | D:5      | Noticed Menkaure
  4512 | D:5      | Killed Menkaure
  4529 | D:5      | Reached skill level 7 in Axes
  4545 | D:5      | Noticed Blork the orc
  4551 | D:5      | Killed Blork the orc
  4551 | D:5      | Reached * piety under Okawaru
  4670 | D:5      | Noticed Sigmund
  4684 | D:5      | Mangled by Sigmund

Illustrated notes

Levels and vault maps discovered:
D:1:      minmay_arrival_radiant_lines, layout_loops_corners
D:2:      layout_loops_corners
D:3:      layout_rooms, portal_sewer_entry_e
D:4:      nicolae_cairo_tiling, layout_basic, amcnicky_altar_gilded,
          minmay_temple_entry_enclosed_plants, nicolae_goblin_pals
D:5:      layout_basic, nicolae_uskayaw_murder_on_the_dancefloor,
          nicolae_ossuary_entry_catacombs, serial_shops, nicolae_diamond_shop,
          uniq_menkaure, uniq_blork_the_orc, uniq_sigmund
Temple:   kb_temple_of_zot

Skill      XL: |  1  2  3  4  5  6  7 |
---------------+----------------------+-----
Armour         | 4 5 6 |  6.8
Axes           | 3 4 5 7 |  7.2
Fighting       | 4 5 |  5.5
Shields        | 4 5 |  5.3
Dodging        | 1 |  1.8
Stealth        | |  0.2

Action                     |  1- 3 |  4- 6 |  7- 9 || total
---------------------------+-------+-------+-------++-------
  Melee: War axe           |    83 |   112 |    81 ||   276
         Headbutt          |     9 |    22 |    17 ||    48
 Armour: Scale mail        |    36 |    58 |    20 ||   114
  Dodge: Dodged            |    36 |    64 |    30 ||   130
  Block: Buckler           |    22 |    34 |    19 ||    75

Table legend: (Time is in decaauts)
 A = Elapsed time spent in this place.
 B = Non-inter-level travel time spent in this place.
 C = Inter-level travel time spent in this place.
 D = Time resting spent in this place.
 E = Time spent auto-exploring this place.
 F = Levels seen in this place.
 G = Mean time per level.
                   A        B        C        D        E       F      G
               +--------+--------+--------+--------+--------+-----+--------+
         Total |   4767 |   4540 |    227 |    240 |   3613 |   6 |  794.5 |
       Dungeon |   4679 |   4539 |    140 |    240 |   3613 |   5 |  935.8 |
        Temple |     88 |      1 |     87 |      0 |      0 |   1 |   88.0 |
               +--------+--------+--------+--------+--------+-----+--------+

Top non-repeatable levels by time:
     D:4: 1191 daAuts
     D:2: 918 daAuts
     D:5: 911 daAuts
     D:1: 908 daAuts
     D:3: 749 daAuts
  Temple: 88 daAuts
